 Dungeon Crawl Stone Soup version 0.26-a0-966-gd078a86f14 (webtiles) character file.

Game seed: 1647362886663123027

4447 KristoblXynda the Nimble (level 10, -7/53 HPs)
             Began as a Spriggan Berserker on Dec 3, 2020.
             Was a High Priest of Trog.
             Mangled by a two-headed ogre
             ... wielding a +0 giant spiked club
              (33 damage)
             ... on level 7 of the Dungeon.
             The game lasted 00:16:12 (9817 turns).

KristoblXynda the Nimble (Spriggan Berserker)       Turns: 9817, Time: 00:16:12

Health: -7/53      AC:  2    Str: 19    XL:     10   Next: 15%
Magic:  11/11      EV: 31    Int: 12    God:    Trog [*****.]
Gold:   414        SH:  0    Dex: 16    Spells: 9/9 levels left

rFire    . . .     SeeInvis +   h - +4 dagger
rCold    . . .     Faith    .   (shield restricted)
rNeg     . . .     Spirit   .   b - +0 animal skin
rPois    .         Reflect  .   (helmet restricted)
rElec    .         Harm     .   (no cloak)
rCorr    .         Rampage  .   (gloves unavailable)
MR       +....                  (boots unavailable)
Stlth    ++++......             (no amulet)
HPRegen  0.17/turn              k - +6 ring of strength
MPRegen  0.12/turn              A - +4 ring of evasion

@: very quick
A: very small, unfitting armour, see invisible, speed 3
a: Berserk, Trog's Hand, Brothers in Arms, Renounce Religion


You were on level 7 of the Dungeon.
You worshipped Trog.
Trog was extremely pleased with you.
You visited 2 branches of the dungeon, and saw 8 of its levels.

You collected 414 gold pieces.

Inventory:

Hand Weapons
 h - a +4 dagger (weapon)
 o - a +1 short sword of venom
 r - a +0 rapier of venom
Armour
 b - a +0 animal skin (worn)
Jewellery
 k - a +6 ring of strength (left hand)
 y - an uncursed ring of protection from fire
 A - a +4 ring of evasion (right hand)
Wands
 u - a wand of disintegration (7)
 B - a wand of iceblast (10)
 D - a wand of paralysis (8)
Scrolls
 d - 2 scrolls of fog
 f - 4 scrolls of enchant weapon
 g - 4 scrolls of amnesia
 i - a scroll of noise {unknown}
 s - a scroll of fear {unknown}
 t - 6 scrolls of teleportation {unknown}
 v - 3 scrolls of magic mapping {unknown}
 x - 2 scrolls of remove curse
 z - 2 scrolls of identify
Potions
 a - 2 potions of flight
 c - 5 potions of heal wounds
 e - a potion of curing
 j - a potion of brilliance {unknown}
 l - 2 potions of might
 m - 2 potions of lignification
 n - 3 potions of haste
 p - 2 potions of ambrosia
 q - a potion of invisibility
 w - a potion of mutation {unknown}


   Skills:
 + Level 6.7 Fighting
 + Level 8.8 Short Blades
 + Level 11.2 Dodging
 - Level 10.0 Stealth
 + Level 4.3 Evocations


You had 9 spell levels left.
You didn't know any spells.
Your spell library contained the following spells:

 Spells                   Type           Power        Failure   Level
 Animate Skeleton         Necr           #.....       32%         1
 Apportation              Tloc           #.....       32%         1
 Beastly Appendage        Tmut           #.....       32%         1
 Corona                   Hex            #......      32%         1
 Summon Small Mammal      Summ           #...         32%         1
 Wereblood                Tmut           #.......     45%         2
 Spider Form              Tmut/Pois      #.........   69%         3
 Ice Form                 Ice/Tmut       #.......     97%         4
 Blade Hands              Tmut           #.........   100%        5


Dungeon Overview and Level Annotations

Branches:
Dungeon (7/15)             Temple (1/1) D:6

Altars:
Ashenzari
Cheibriados
Dithmenos
Elyvilon
Fedhas
Gozag
Hepliaklqana
Kikubaaqudgha
Makhleb
Nemelex Xobeh
Okawaru
Qazlal
Ru
Sif Muna
Trog
Uskayaw
Vehumet
Wu Jian
Xom
Yredelemnul
Zin

Shops:
D:7 }


Innate Abilities, Weirdness & Mutations

You are very small and have problems with some larger weapons.
You are too small for most types of armour.
You have supernaturally acute eyesight. (SInv)
You cover ground extremely quickly.


Message History

Evoke which item? (* to show all) (? for menu, Esc to quit)
You don't have any such object.
Evoke which item? (* to show all) (? for menu, Esc to quit)
Okay, then.
Evoke which item? (* to show all) (? for menu, Esc to quit)
Aiming: Iceblast
Press: ? - help, Shift-Dir - straight line, f - two-headed ogre
Aim: a two-headed ogre, wielding two +0 giant spiked clubs (heavily wounded)
The mass of ice explodes!
The iceblast engulfs the two-headed ogre!
The two-headed ogre is severely wounded.
The iceblast engulfs the troll!!
The troll is heavily wounded.
Unknown command.
You completely miss the two-headed ogre.
The two-headed ogre is severely wounded.
The two-headed ogre completely misses you.
The two-headed ogre hits you with a +0 giant spiked club!!
Ouch! That really hurt!
You die...

....#.###..###..##.#.####..##..#
....##..###..#####.#.#.######..#
....####..###..###.#.#.#.####..#
....# ###..###.#..........##..#
....# ###..#.##.#.#.#.####..#
....## ###..##.#.#.###.....##
....##..## #####.#(###.........
....# #)))######..###...........
....# #9o†DTO@###......#......
....# #))Z#######...#..####.....
#...##..## ....#...## #.....
....## #.....># #..... ##..#
#.##...# ###### ##..#####...
####.....## ##........#
......<..# ##........#
#...####.# #....####... ..# #.#


You could see a two-headed ogre, a troll, an orc warrior, an acid dragon, a
gargoyle and a bullfrog skeleton.

Vanquished Creatures
  Pikel (D:4)
  The ghost of Bapho the Changer, a novice DrTm of Uskayaw (D:6)
  Grinder (D:3)
  A yak (D:7)
  2 sky beasts
  A black bear (D:7)
  An orc warrior (D:6)
  A phantom (D:5)
  3 ice beasts
  5 ogres
  A centaur (D:7)
  2 lemures (D:4)
  A big kobold (D:7)
  3 bullfrogs
  A scorpion (D:5)
  A water moccasin skeleton (D:4)
  8 wights
  2 killer bees (D:7)
  A howler monkey (D:6)
  A bullfrog zombie (D:7)
  A jelly (D:7)
  4 orc priests
  2 bullfrog skeletons
  3 hounds
  10 orc wizards
  An iguana (D:7)
  6 worker ants
  8 gnolls (D:6)
  9 adders
  2 white imps
  3 ufetubi
  3 oozes
  An adder zombie (D:5)
  An adder skeleton (D:5)
  A worm (D:4)
  2 dart slugs
  6 leopard geckos
  38 orcs
  A giant cockroach (D:6)
  9 goblins
  9 hobgoblins
  14 jackals
  3 quokkas
  A ball python (D:1)
  5 bats
  3 frilled lizards
  A jackal skeleton (D:4)
  11 kobolds
  A leopard gecko zombie (D:5)
  A quokka skeleton (D:5)
  6 rats
204 creatures vanquished.

Vanquished Creatures (others)
  An orc wizard (D:5)
  11 plants (D:1)
12 creatures vanquished.

Grand Total: 216 creatures vanquished

Notes
Turn   | Place    | Note
-------+----------+-------------------------------------------
     0 | D:1      | KristoblXynda the Spriggan Berserker began the quest for
                  | the Orb.
     0 | D:1      | Reached XP level 1. HP: 11/11 MP: 2/2
   461 | D:1      | Reached skill level 1 in Stealth
   464 | D:1      | Reached XP level 2. HP: 16/16 MP: 3/3
  1167 | D:1      | Reached XP level 3. HP: 19/19 MP: 4/4
  1500 | D:1      | Reached skill level 5 in Dodging
  1682 | D:2      | Found a basalt altar of Yredelemnul.
  2237 | D:2      | Reached ** piety under Trog
  2238 | D:2      | Reached XP level 4. HP: 23/23 MP: 5/5
  2412 | D:2      | Found a snail-covered altar of Cheibriados.
  2714 | D:2      | Found an ornate altar of the Wu Jian Council.
  2798 | D:3      | Noticed Grinder
  2810 | D:3      | Killed Grinder
  2811 | D:3      | Reached skill level 6 in Dodging
  2811 | D:3      | Reached XP level 5. HP: 28/28 MP: 6/6
  3035 | D:3      | Found a blossoming altar of Fedhas.
  3049 | D:3      | Reached XP level 6. HP: 32/32 MP: 7/7
  3918 | D:3      | Found a bloodstained altar of Trog.
  3985 | D:3      | Found a white marble altar of Elyvilon.
  4209 | D:4      | Found a shimmering altar of Xom.
  4209 | D:4      | Found a radiant altar of Vehumet.
  4316 | D:4      | Reached skill level 5 in Short Blades
  4316 | D:4      | Reached skill level 5 in Stealth
  4470 | D:4      | Reached XP level 7. HP: 37/37 MP: 8/8
  4847 | D:4      | Reached *** piety under Trog
  4848 | D:4      | Reached skill level 7 in Dodging
  4877 | D:4      | Noticed Pikel
  4902 | D:4      | Killed Pikel
  4903 | D:4      | Reached skill level 8 in Dodging
  4903 | D:4      | Reached XP level 8. HP: 29/42 MP: 9/9
  5264 | D:5      | Entered Level 5 of the Dungeon
  5558 | D:5      | Found an iron altar of Okawaru.
  5878 | D:5      | Reached skill level 5 in Fighting
  6082 | D:5      | Reached skill level 9 in Dodging
  6562 | D:6      | Reached **** piety under Trog
  6925 | D:6      | Reached XP level 9. HP: 47/47 MP: 10/10
  7192 | D:6      | Found a hide-covered altar of Uskayaw.
  7211 | D:6      | Found a runed translucent door.
  7217 | D:6      | Noticed Bapho's ghost (novice DrTm)
  7247 | D:6      | Killed Bapho's ghost
  7248 | D:6      | Reached skill level 10 in Dodging
  7694 | D:6      | Reached skill level 10 in Stealth
  7786 | D:6      | Reached skill level 1 in Evocations
  8149 | D:6      | Found a staircase to the Ecumenical Temple.
  8315 | Temple   | Entered the Ecumenical Temple
  8935 | D:7      | Found Boabaar's Gadget Shop.
  8952 | D:7      | Found a sacrificial altar of Ru.
  8953 | D:7      | Found a sparkling altar of Nemelex Xobeh.
  9120 | D:7      | Reached ***** piety under Trog
  9168 | D:7      | Found a burning altar of Makhleb.
  9249 | D:7      | Reached skill level 11 in Dodging
  9249 | D:7      | Reached XP level 10. HP: 53/53 MP: 11/11
  9780 | D:7      | Noticed a two-headed ogre
  9781 | D:7      | Found the +8 frozen axe "Frostbite" {freezing cloud, *Noise
                  | +Fly rC+}
  9781 | D:7      | Noticed a gargoyle
  9817 | D:7      | Mangled by a two-headed ogre

Illustrated notes

Levels and vault maps discovered:
D:1:      roderic_crop_circles_arrival_small, layout_basic
D:2:      layout_rooms, lemuel_round_altar, nicolae_overflow_crystal_walls,
          kennysheep_slug_shrine
D:3:      layout_loops_cross, lightli_temple_of_fire, elyvilon_altar_4,
          old_standard_altar, chequers_serial_rivers_micro_d, uniq_grinder
D:4:      layout_gridville, chequers_temple_overflow_statue_of_worship,
          minivault_14, chequers_serial_rivers_micro_e, minmay_bisected,
          uniq_pikel
D:5:      layout_loops_ring, okawaru_gym_becter
D:6:      layout_rooms, kennysheep_mini_moat, lemuel_temple_firewalk_b,
          ebering_ghost_reflecting_pool
D:7:      minmay_the_grid_triangle_9x9_rhombus_full
          [minmay_the_grid_triangle_9x9_shrine,
          minmay_the_grid_triangle_9x9_intruding_spiral,
          minmay_the_grid_triangle_9x9_dagger,
          minmay_the_grid_triangle_9x9_cache,
          minmay_the_grid_triangle_9x9_pentomino_pain,
          minmay_the_grid_triangle_9x9_skeleton,
          minmay_the_grid_triangle_9x9_longest,
          minmay_the_grid_triangle_9x9_prize_center], layout_basic,
          gammafunk_temple_overflow_statue, serial_shops, shop
Temple:   nicolae_temple_figure_zero

Skill      XL: |  1  2  3  4  5  6  7  8  9 10 |
---------------+-------------------------------+-----
Stealth        | 1 2 4 5 7 9 10 | 10.0
Dodging        | 5 6 8 9 11 | 11.2
Short Blades   | 4 5 6 7 8 |  8.8
Fighting       | 3 4 5 6 |  6.7
Evocations     | 3 4 |  4.3

Action                   |  1- 3 |  4- 6 |  7- 9 | 10-12 || total
-------------------------+-------+-------+-------+-------++-------
Melee: Short sword       |   102 |    74 |   155 |       ||   331
       Dagger            |    41 |    58 |   361 |    72 ||   532
Invok: Berserk           |     5 |     2 |     8 |     1 ||    16
       Trog's Hand       |       |     2 |       |       ||     2
Evoke: Wand              |       |       |     1 |     2 ||     3
  Use: Scroll            |     1 |     5 |     6 |       ||    12
 Stab: Sleeping          |     1 |     1 |    21 |     3 ||    26
Armor: Animal skin       |     6 |     6 |    12 |       ||    24
Dodge: Dodged            |   113 |   106 |   333 |    47 ||   599

Table legend: (Time is in decaauts)
 A = Elapsed time spent in this place.
 B = Non-inter-level travel time spent in this place.
 C = Inter-level travel time spent in this place.
 D = Time resting spent in this place.
 E = Time spent auto-exploring this place.
 F = Levels seen in this place.
 G = Mean time per level.
                   A        B        C        D        E       F      G
               +--------+--------+--------+--------+--------+-----+--------+
         Total |   8080 |   7950 |    130 |   3997 |   2547 |   8 | 1010.0 |
       Dungeon |   8004 |   7880 |    124 |   3997 |   2479 |   7 | 1143.4 |
        Temple |     75 |     70 |      5 |      0 |     67 |   1 |   75.0 |
               +--------+--------+--------+--------+--------+-----+--------+

Top non-repeatable levels by time:
     D:6: 1542 daAuts
     D:1: 1440 daAuts
     D:3: 1173 daAuts
     D:7: 1069 daAuts
     D:5: 968 daAuts
     D:2: 935 daAuts
     D:4: 876 daAuts
  Temple: 75 daAuts
